[Event "17th Memorial Lezcano Montalvo 2025"]
[Site "Gran Canaria"]
[Date "2025.04.14"]
[Round "3.45"]
[White "Cabrera Martel, Isaac"]
[Black "Hernandez Guerra, Luna Yue"]
[Result "0-1"]
[Annotator "NA RC"]
[ECO "D00"]
[WhiteElo "1655"]
[BlackElo "1897"]
[PlyCount "92"]
[EventDate "2025.04.13"]
[EventType "swiss"]
[EventCountry "ESP"]
[SourceTitle "playchess.com"]
[Source "ChessBase"]
[SourceQuality "1"]
[TimeControl "5400+30"]

1. d4 Nf6 2. Nc3 d5 3. Bf4 e6 4. e3 Bb4 5. Bd3 c5 6. dxc5 Nbd7 7. Nf3 Bxc3+ 8. bxc3 Nxc5 9. O-O O-O 10. Ne5 Nfe4 11. c4 f6 12. Nf3 e5 13. Bxe5 fxe5 14. Nxe5 Be6 15. cxd5 Bxd5 16. f4 Qe7 17. Qg4 Qe6 18. Qh4 Qf6 19. Qg4 Be6 20. Qh5 Qf5 21. Qh4 g5 22. Qe1 gxf4 23. exf4 Nxd3 24. cxd3 Nc5 25. g4 Qf6 26. Rc1 Nd7 27. d4 Nxe5 28. dxe5 Qg7 29. Rf2 Kh8 30. h3 Rad8 31. Rc3 Rd4 32. Qc1 Bxg4 33. Rc7 Rd1+ 34. Qxd1 Bxd1+ 35. Rxg7 Kxg7 36. Rd2 Ba4 37. Rd4 Bc6 38. Kf2 Kg6 39. Kg3 Kf5 40. h4 Rg8+ 41. Kf2 Rg4 42. Ke3 Rxh4 43. Rd6 Rh3+ 44. Kd4 Kxf4 45. e6 Rh1 46. e7 Rd1+ 0-1

[Event "17th Memorial Lezcano Montalvo 2025"]
[Site "Gran Canaria"]
[Date "2025.04.14"]
[Round "3.46"]
[White "Garcia Rodriguez, Adriana"]
[Black "Bujdoso, Erik"]
[Result "1-0"]
[Annotator "NA COMBH"]
[ECO "B13"]
[WhiteElo "1893"]
[BlackElo "1637"]
[PlyCount "73"]
[EventDate "2025.04.13"]
[EventType "swiss"]
[EventCountry "ESP"]
[SourceTitle "playchess.com"]
[Source "ChessBase"]
[SourceQuality "1"]
[TimeControl "5400+30"]

1. e4 c6 2. d4 d5 3. exd5 cxd5 4. c4 Nf6 5. Nc3 Nc6 6. Nf3 Bg4 7. cxd5 Nxd5 8. Qb3 Bxf3 9. gxf3 Nxc3 10. bxc3 Qb6 11. Qxb6 axb6 12. Bc4 e6 13. Rb1 Ba3 14. Bd2 Na5 15. Bd3 O-O 16. Rxb6 Rfd8 17. f4 Rac8 18. Ke2 Rd7 19. Rhb1 Rcd8 20. R1b5 Rd5 21. Rxd5 Rxd5 22. f5 exf5 23. c4 Rxd4 24. Bxa5 Bd6 25. Bc3 Bc5 26. Bxd4 Bxb6 27. Bxb6 g6 28. Bd4 Kf8 29. c5 Ke7 30. a4 h5 31. a5 Kd7 32. Bc4 Ke7 33. c6 Kd6 34. cxb7 Kc7 35. a6 h4 36. Be5+ Kb6 37. b8=Q+ 1-0

[Event "17th Memorial Lezcano Montalvo 2025"]
[Site "Gran Canaria"]
[Date "2025.04.14"]
[Round "3.47"]
[White "Hernandez De Armas, Leonardo"]
[Black "Gonzalez Perdomo, Sergio"]
[Result "0-1"]
[Annotator "NA COMBH"]
[ECO "B56"]
[WhiteElo "1645"]
[BlackElo "1880"]
[PlyCount "40"]
[EventDate "2025.04.13"]
[EventType "swiss"]
[EventCountry "ESP"]
[SourceTitle "playchess.com"]
[Source "ChessBase"]
[SourceQuality "1"]
[TimeControl "5400+30"]

1. e4 c5 2. Nf3 Nc6 3. d4 cxd4 4. Nxd4 d6 5. Nc3 Nf6 6. f3 e5 7. Nb3 Be6 8. Bg5 Be7 9. Bxf6 gxf6 10. Nd5 a5 11. a4 f5 12. Bd3 Rg8 13. Rg1 Bh4+ 14. Kf1 f4 15. Qd2 Rg6 16. Bb5 Kf8 17. Nc1 Nd4 18. c3 Nxf3 19. gxf3 Bh3+ 20. Ke2 Rxg1 0-1

[Event "17th Memorial Lezcano Montalvo 2025"]
[Site "Gran Canaria"]
[Date "2025.04.14"]
[Round "3.48"]
[White "Posso Cangrejo, Sergio David"]
[Black "Roca Marrero, Fernando"]
[Result "0-1"]
[Annotator "NA RC"]
[ECO "A43"]
[WhiteElo "1878"]
[BlackElo "1617"]
[PlyCount "112"]
[EventDate "2025.04.13"]
[EventType "swiss"]
[EventCountry "ESP"]
[SourceTitle "playchess.com"]
[Source "ChessBase"]
[SourceQuality "1"]
[TimeControl "5400+30"]

1. e4 d6 2. d4 g6 3. Nc3 Bg7 4. f4 Nd7 5. Nf3 c5 6. d5 a6 7. a4 Nh6 8. Bd3 O-O 9. O-O Re8 10. Qe1 Nf8 11. Qg3 f6 12. Bd2 Nf7 13. Rae1 e5 14. fxe5 fxe5 15. h4 h6 16. Rf2 b6 17. Ref1 Ra7 18. Nh2 Ree7 19. Be2 Nh8 20. Bg4 Rf7 21. Bxc8 Qxc8 22. Ng4 Rxf2 23. Rxf2 Nf7 24. Qh3 Qd8 25. Ne2 g5 26. Ng3 gxh4 27. Nh5 Ng5 28. Ngf6+ Kh8 29. Qxh4 Ng6 30. Qg4 Nf4 31. Nxf4 exf4 32. Rxf4 Rf7 33. Nh5 Bd4+ 34. Kh1 Qf8 35. Rxf7 Qxf7 36. Ng3 Be5 37. Bc3 Bxc3 38. bxc3 Qf2 39. Qc8+ Kh7 40. Qd7+ Nf7 41. Kh2 Qf6 42. Qf5+ Qxf5 43. Nxf5 Kg6 44. Kg3 Kg5 45. c4 h5 46. c3 a5 47. Kf3 Ne5+ 48. Ke2 Nxc4 49. g3 b5 50. axb5 a4 51. Ng7 a3 52. Ne6+ Kg4 53. Kd3 a2 54. Kxc4 a1=Q 55. Nxc5 Qa2+ 56. Kd4 Qf2+ 0-1

[Event "17th Memorial Lezcano Montalvo 2025"]
[Site "Gran Canaria"]
[Date "2025.04.14"]
[Round "3.49"]
[White "Cattani, Cloe"]
[Black "Ludishev, Artem"]
[Result "0-1"]
[Annotator "NA COMBH"]
[ECO "B50"]
[WhiteElo "1614"]
[BlackElo "1874"]
[PlyCount "68"]
[EventDate "2025.04.13"]
[EventType "swiss"]
[EventCountry "ESP"]
[SourceTitle "playchess.com"]
[Source "ChessBase"]
[SourceQuality "1"]
[TimeControl "5400+30"]

1. e4 c5 2. Nf3 d6 3. c3 Nf6 4. Bd3 Nc6 5. Bc2 Bg4 6. d3 g6 7. Nbd2 Bg7 8. h3 Bd7 9. O-O b5 10. Re1 O-O 11. Nf1 b4 12. d4 Qc7 13. Ng3 e5 14. d5 Ne7 15. Be3 h6 16. Qd2 bxc3 17. bxc3 g5 18. Kh2 Ng6 19. Rh1 Rab8 20. Bd1 Rb7 21. Be2 Rfb8 22. Rhc1 Rb2 23. Rc2 Qb7 24. Rxb2 Qxb2 25. Qxb2 Rxb2 26. a3 Nf4 27. Bc4 g4 28. Nh4 gxh3 29. gxh3 Nxh3 30. Kg2 Ng4 31. Ra2 Nxe3+ 32. Kh2 Ng4+ 33. Kg2 Nf6 34. Kh2 Ng4+ 0-1

[Event "17th Memorial Lezcano Montalvo 2025"]
[Site "Gran Canaria"]
[Date "2025.04.14"]
[Round "3.50"]
[White "Quintero Hernandez, Marcos Jesus"]
[Black "Delgado Armas, Francisco David"]
[Result "0-1"]
[Annotator "NA COMBH"]
[ECO "A38"]
[WhiteElo "1874"]
[BlackElo "1608"]
[PlyCount "98"]
[EventDate "2025.04.13"]
[EventType "swiss"]
[EventCountry "ESP"]
[SourceTitle "playchess.com"]
[Source "ChessBase"]
[SourceQuality "1"]
[TimeControl "5400+30"]

1. c4 c5 2. Nc3 Nc6 3. Nf3 g6 4. g3 b6 5. Bg2 Bg7 6. O-O Bb7 7. Rb1 Nf6 8. d3 O-O 9. a3 d6 10. Ne1 Qd7 11. e3 Rad8 12. b4 e5 13. Nc2 Ne7 14. Bxb7 Qxb7 15. e4 Qd7 16. Bg5 Qh3 17. Ne3 h6 18. Bxf6 Bxf6 19. Ncd5 Nxd5 20. Nxd5 Bg5 21. Qe2 f5 22. f3 f4 23. Qg2 Qd7 24. Kh1 Kg7 25. b5 Rf7 26. a4 Rdf8 27. g4 Bd8 28. Rf2 Rh8 29. Ra2 g5 30. Rab2 Kg6 31. a5 h5 32. gxh5+ Rxh5 33. axb6 axb6 34. Ra1 Rfh7 35. Qf1 Rh3 36. Ra6 Qb7 37. Rba2 Qb8 38. Rg2 Qb7 39. Kg1 Rh8 40. Qe2 Kf7 41. Qa2 Kg6 42. Ra7 Qc8 43. Qe2 R8h7 44. Ra6 Qb8 45. Qf1 R3h4 46. Qa1 Qc8 47. Ra8 Qh3 48. Rxd8 Qxg2+ 49. Kxg2 Rxh2+ 0-1

[Event "17th Memorial Lezcano Montalvo 2025"]
[Site "Gran Canaria"]
[Date "2025.04.14"]
[Round "3.51"]
[White "De Gabriel Stella, Alejandro"]
[Black "Henriquez Garcia, David"]
[Result "0-1"]
[Annotator "NA COMBH"]
[ECO "C01"]
[WhiteElo "1606"]
[BlackElo "1869"]
[PlyCount "46"]
[EventDate "2025.04.13"]
[EventType "swiss"]
[EventCountry "ESP"]
[SourceTitle "playchess.com"]
[Source "ChessBase"]
[SourceQuality "1"]
[TimeControl "5400+30"]

1. e4 e6 2. d4 d5 3. exd5 exd5 4. Bd3 Bd6 5. c3 c6 6. Nd2 Ne7 7. h3 Bf5 8. Qc2 Qd7 9. Ngf3 Qe6+ 10. Kf1 Qg6 11. Bxf5 Nxf5 12. Kg1 Nd7 13. Nf1 O-O-O 14. Ne3 Nxe3 15. Qxg6 hxg6 16. Bxe3 Rde8 17. Re1 Nf6 18. Ng5 Re7 19. Bd2 Rhe8 20. Rxe7 Rxe7 21. Kf1 Nh5 22. Be3 Bf4 23. g4 Bxe3 0-1

[Event "17th Memorial Lezcano Montalvo 2025"]
[Site "Gran Canaria"]
[Date "2025.04.14"]
[Round "3.52"]
[White "Acosta Gonzalez, Juan Dionisio"]
[Black "Alonso Perez, Alfredo"]
[Result "0-1"]
[Annotator "NA COMBH"]
[ECO "A45"]
[WhiteElo "1421"]
[BlackElo "1853"]
[PlyCount "62"]
[EventDate "2025.04.13"]
[EventType "swiss"]
[EventCountry "ESP"]
[SourceTitle "playchess.com"]
[Source "ChessBase"]
[SourceQuality "1"]
[TimeControl "5400+30"]

1. d4 Nf6 2. e3 e6 3. g3 c5 4. Bg2 Nc6 5. Nh3 Qb6 6. d5 exd5 7. Bxd5 Nxd5 8. Qxd5 Ne7 9. Qg2 g6 10. c3 Qa6 11. Na3 Bg7 12. c4 O-O 13. Nb5 d5 14. Nc7 Qa5+ 15. Bd2 Qxc7 16. cxd5 Nxd5 17. O-O b6 18. e4 Ne7 19. Bf4 Be5 20. Rad1 Ba6 21. Rfe1 Rad8 22. Bh6 Rxd1 23. Rxd1 Rd8 24. Rb1 Qd7 25. Qf3 Qxh3 26. Bg5 Nc6 27. Bxd8 Nxd8 28. Rd1 Ne6 29. Qb3 Nd4 30. Qe3 Be2 31. Re1 Nf3+ 0-1

[Event "17th Memorial Lezcano Montalvo 2025"]
[Site "Gran Canaria"]
[Date "2025.04.14"]
[Round "3.53"]
[White "Bangiev, Katharina"]
[Black "Vargas Tinoco, Celso Alejandro"]
[Result "1-0"]
[Annotator "NA RC"]
[ECO "B56"]
[WhiteElo "1848"]
[BlackElo "1588"]
[PlyCount "89"]
[EventDate "2025.04.13"]
[EventType "swiss"]
[EventCountry "ESP"]
[SourceTitle "playchess.com"]
[Source "ChessBase"]
[SourceQuality "1"]
[TimeControl "5400+30"]

1. e4 c5 2. Nf3 d6 3. d4 cxd4 4. Nxd4 Nc6 5. g3 Nf6 6. Bg2 e5 7. Ne2 Be7 8. O-O O-O 9. Nbc3 b6 10. f4 Ba6 11. Nd5 Rc8 12. c3 Nb8 13. h3 Nbd7 14. Be3 Rc4 15. Qc2 Nc5 16. b3 Rxe4 17. Nxf6+ Bxf6 18. Bxe4 Nxe4 19. Qxe4 Bxe2 20. Rf2 exf4 21. Bxf4 Re8 22. Qc2 Ba6 23. Rd1 Re6 24. Rfd2 Be7 25. Rd4 g6 26. c4 Qc7 27. Re4 Rxe4 28. Qxe4 Bb7 29. Qe2 Qc6 30. Kh2 Kg7 31. Qd2 g5 32. Bxg5 Bxg5 33. Qxg5+ Kf8 34. Qd8+ Kg7 35. Rd5 f6 36. Qxd6 Kg6 37. Qxc6 Bxc6 38. Rd6 Be4 39. Rd7 a5 40. Rd6 Bb1 41. Rxb6 Bxa2 42. c5 Kf7 43. Ra6 Ke7 44. b4 Bc4 45. Rxa5 1-0

[Event "17th Memorial Lezcano Montalvo 2025"]
[Site "Gran Canaria"]
[Date "2025.04.14"]
[Round "3.54"]
[White "Pace, Gabriele"]
[Black "Buidoso, Mihai"]
[Result "1-0"]
[Annotator "NA RC"]
[ECO "D10"]
[WhiteElo "1895"]
[BlackElo "1409"]
[PlyCount "100"]
[EventDate "2025.04.13"]
[EventType "swiss"]
[EventCountry "ESP"]
[SourceTitle "playchess.com"]
[Source "ChessBase"]
[SourceQuality "1"]
[TimeControl "5400+30"]

1. d4 Nf6 2. Bf4 d5 3. e3 Bf5 4. c4 c6 5. Qb3 Bxb1 6. Rxb1 Qa5+ 7. Qc3 Qxa2 8. Bd3 dxc4 9. Qxc4 Qxc4 10. Bxc4 e6 11. b4 Be7 12. Nf3 O-O 13. O-O Ne4 14. Bd3 Nc3 15. Rb3 Nd5 16. Bxb8 Raxb8 17. Ne5 Rbd8 18. b5 f6 19. Nf3 c5 20. Ra1 Ra8 21. Bc4 Kh8 22. e4 Nc7 23. b6 axb6 24. Rxa8 Rxa8 25. Rxb6 Ra1+ 26. Bf1 Ra7 27. dxc5 Bxc5 28. Rb2 b6 29. g3 g5 30. Kg2 h5 31. Nd2 Bd4 32. Rc2 e5 33. Nb3 Ne6 34. Rc6 Ra2 35. Nxd4 Nxd4 36. Rxf6 Nc2 37. Bb5 Kg7 38. Rxb6 g4 39. Rb7+ Kf6 40. Rb6+ Kg5 41. Ra6 Ne3+ 42. Kg1 Rb2 43. h4+ gxh3 44. Be8 h2+ 45. Kxh2 Rxf2+ 46. Kh3 Rf1 47. Kh2 Rf2+ 48. Kh3 Rf1 49. Kh2 Ng4+ 50. Kg2 Rf2+ 1-0

[Event "17th Memorial Lezcano Montalvo 2025"]
[Site "Gran Canaria"]
[Date "2025.04.14"]
[Round "3.56"]
[White "Murashkin, Roman G"]
[Black "Grube, Kurt"]
[Result "0-1"]
[Annotator "NA RC"]
[ECO "D02"]
[WhiteElo "2129"]
[BlackElo "1732"]
[PlyCount "52"]
[EventDate "2025.04.13"]
[EventType "swiss"]
[EventCountry "ESP"]
[SourceTitle "playchess.com"]
[Source "ChessBase"]
[SourceQuality "1"]
[TimeControl "5400+30"]

1. d4 d5 2. Bf4 Nf6 3. e3 Bg4 4. Nf3 e6 5. c3 h6 6. Nbd2 Bd6 7. Bg3 Ne4 8. Qa4+ c6 9. Nxe4 dxe4 10. Nd2 Bxg3 11. hxg3 Bf5 12. Qc2 Qb6 13. Nxe4 Bxe4 14. Qxe4 Qxb2 15. Rb1 Qxc3+ 16. Kd1 b6 17. Rc1 Qa5 18. Rxc6 Nxc6 19. Qxc6+ Ke7 20. Qc7+ Kf6 21. Rh4 g5 22. Re4 Rac8 23. Qb7 Qa4+ 24. Ke2 Qc4+ 25. Kf3 Qxf1 26. d5 Qd1# 0-1